 Dungeon Crawl Stone Soup version 0.22.1-1-ga44c0e5 (webtiles) character file.

144 FrozenPanda the Twirler (level 5, -5/32 HPs)
             Began as a Gargoyle Gladiator on Sept 22, 2018.
             Killed by divine providence
             ... invoked by an orc priest
              (14 damage)
             ... on level 2 of the Dungeon.
             The game lasted 00:02:32 (2028 turns).

FrozenPanda the Twirler (Gargoyle Gladiator)        Turns: 2028, Time: 00:02:33

Health: -5/32      AC: 10    Str: 17    XL:     5   Next: 26%
Magic:  5/5        EV: 12    Int: 10    God:
Gold:   90         SH:  0    Dex: 11    Spells: 4/4 levels left

rFire    . . .     SeeInvis .   a - +0 quarterstaff
rCold    . . .     Gourm    .   (shield currently unavailable)
rNeg     + . .     Faith    .   b - +0 leather armour
rPois    ∞         Spirit   .   c - +0 helmet
rElec    +         Reflect  .   (no cloak)
rCorr    .         Harm     .   o - +1 pair of gloves
MR       .....                  (no boots)
Stlth    ++........             (no amulet)
HPRegen  0.10/turn              (no ring)
MPRegen  0.09/turn              (no ring)

@: slowed, very slow
A: negative energy resistance 1, electricity resistance, unbreathing,
petrification resistance, rot immunity, AC +4
a: no special abilities


You were on level 2 of the Dungeon.
You were not hungry.

You visited 1 branch of the dungeon, and saw 2 of its levels.

You collected 90 gold pieces.

Inventory:

Hand Weapons
 a - a +0 quarterstaff (weapon)
Missiles
 d - 3 throwing nets (quivered)
 h - 19 sling bullets
 k - 63 stones
 l - 10 arrows
Armour
 b - a +0 leather armour (worn)
 c - a +0 helmet (worn)
 o - a +1 pair of gloves (worn)
Scrolls
 e - a scroll of noise {unknown}
 i - a scroll of fog
 m - 3 scrolls of identify
Potions
 g - 5 potions of curing
 j - a potion of cancellation {unknown}
 p - a potion of mutation {unknown}
Comestibles
 f - 6 rations


   Skills:
 + Level 3.1 Fighting
 + Level 3.6 Staves
 + Level 2.4 Throwing
 + Level 1.8 Armour
 + Level 3.0 Dodging
 + Level 1.9 Stealth


You had 4 spell levels left.
You didn't know any spells.
Your spell library was empty.

Dungeon Overview and Level Annotations

Branches:
Dungeon (2/15)

Altars:
Qazlal

Annotations:
D:2 Natasha


Innate Abilities, Weirdness & Mutations

You are resistant to torment.
Your stone body is resilient. (AC +4)
You are immune to poison.
You resist negative energy. (rN+)
You are resistant to electric shocks. (rElec)
You can survive without breathing.
You are immune to petrification.
You are immune to rotting.


Message History

The orc wizard gestures wildly while chanting.
The orc wizard seems to speed up.
Natasha closely misses you. The orc hits you but does no damage.
You see here a stone.
Natasha mumbles some strange words.
Natasha casts a spell.
The crimson imp shouts, "Fly, thou foppish guts-griping frater!"
The orc wizard mumbles some strange words.
The orc wizard blinks!
Natasha mumbles some strange words.
Natasha growls.
Natasha mumbles some strange words.
Natasha shimmers violently.
Natasha casts a spell at you.
You feel as though you will be slow longer.
The crimson imp blinks!
Natasha claws you but does no damage. Natasha casts a spell at you.
The magic dart hits you!
The orc priest calls down the wrath of Beogh upon you.
Beogh smites you!
You die...

##### #...# #.#.# #########
#.#.##### ##)......#
###........
#######......#.###..........
####.........o#.....#.#...)....
#....#..#....h@...#.#..........
#.####..#o#########.#..........
#.#.......#..§......#.........)
#......o####.o§§...............
###.###.#..go#.###....#####....
#.#...#o...#.# #.#### #....
#.#.##§..#.#.###.# #....
#.#.......>......# ###....
#.#...5..5.#.##..#### #......


You could see an orc priest, an orc wizard and Natasha.

Vanquished Creatures
  An orc priest (D:2)
  Natasha (twice) (D:2)
  2 adders (D:2)
  A worm (D:2)
  2 dart slugs
  A leopard gecko (D:2)
  2 ball pythons (D:1)
  5 goblins
  7 hobgoblins
  3 jackals (D:2)
  7 kobolds
  2 quokkas (D:2)
  3 bats
  4 rats (D:1)
42 creatures vanquished.

Notes
Turn   | Place    | Note
-------+----------+-------------------------------------------
     0 | D:1      | FrozenPanda the Gargoyle Gladiator began the quest for the
                  | Orb.
     0 | D:1      | Reached XP level 1. HP: 12/12 MP: 1/1
    23 | D:1      | Reached XP level 2. HP: 5/17 MP: 2/2
  1047 | D:2      | Reached XP level 3. HP: 15/22 MP: 3/3
  1156 | D:2      | Reached skill level 1 in Armour
  1156 | D:2      | Reached skill level 1 in Stealth
  1403 | D:2      | Found a stormy altar of Qazlal.
  1535 | D:2      | Noticed Natasha
  1561 | D:2      | Reached XP level 4. HP: 27/27 MP: 4/4
  1582 | D:2      | Killed Natasha
  1770 | D:2      | Noticed Natasha
  1782 | D:2      | Killed Natasha
  1969 | D:2      | Reached XP level 5. HP: 27/32 MP: 5/5
  2002 | D:2      | Noticed Natasha
  2028 | D:2      | Killed from afar by an orc priest

Skill      XL: |  1  2  3  4 |
---------------+-------------+-----
Throwing       | 2 |  2.4
Armour         | 1 |  1.8
Stealth        | 1 |  1.9
Fighting       | 3 |  3.1
Dodging        | 3 |  3.0
Staves         | |  3.6

Action                   |  1- 3 |  4- 6 || total
-------------------------+-------+-------++-------
Melee: Quarterstaff      |   119 |    51 ||   170
  Use: Scroll            |     4 |       ||     4
       Potion            |     1 |       ||     1
 Stab: Sleeping          |     1 |       ||     1
  Eat: Chunk             |     2 |     2 ||     4
Armor: Leather armour    |    64 |    34 ||    98
Dodge: Dodged            |    99 |    40 ||   139
